 Dungeon Crawl Stone Soup version 0.30-a0-365-ge7f957f1db (webtiles) character file.

Game seed: 13186767462109020006

2 mopl the Caller (level 1, -2/10 HPs)
             Began as a Tengu Summoner on Nov 16, 2022.
             Slain by a jackal (3 damage)
             ... on level 1 of the Dungeon.
             The game lasted 00:00:18 (75 turns).

mopl the Caller (Tengu Summoner)                      Turns: 75, Time: 00:00:18

Health: -2/10      AC:  2    Str:  8    XL:     1   Next: 40%
Magic:  2/4        EV: 12    Int: 15    God:
Gold:   0          SH:  0    Dex: 14    Spells: 3/4 levels left

rFire   . . .      SeeInvis .    (no weapon)
rCold   . . .      Faith    .    (no shield)
rNeg    . . .      Spirit   .    a - +0 robe
rPois   .          Reflect  .    (helmet restricted)
rElec   .          Harm     .    (no cloak)
rCorr   .          Rampage  .    (no gloves)
Will    .....                    (boots unavailable)
Stlth   ++........               (no amulet)
HPRegen 0.21/turn                (no ring)
MPRegen 0.09/turn                (no ring)

@: no status effects
A: beak, talons 3
a: no special abilities


You were on level 1 of the Dungeon.
You visited 1 branch of the dungeon, and saw 1 of its levels.

Inventory:

Armour
 a - a +0 robe (worn)
Potions
 b - a potion of magic
 c - 2 potions of heal wounds {unknown}


   Skills:
 - Level 2.1 Dodging
 - Level 2.0 Stealth
 + Level 2.1 Spellcasting
 + Level 4.9 Summonings


You had 3 spell levels left.
You knew the following spells:

 Your Spells              Type           Power      Damage    Failure   Level
a - Summon Small Mammal   Summ           64%        N/A       3%          1

Your spell library contained the following spells:

 Spells                   Type           Power      Damage    Failure   Level
 Call Imp                 Summ           16%        N/A       4%          2
 Call Canine Familiar     Summ           16%        N/A       9%          3
 Summon Guardian Golem    Hex/Summ       8%         N/A       24%         3
 Summon Lightning Spire   Summ/Air       8%         N/A       63%         4


Dungeon Overview and Level Annotations

Branches:
Dungeon (1/15)

Altars:


Innate Abilities, Weirdness & Mutations

You have a beak for a mouth.
You have claws for feet.


Message History

Confirm with . or Enter, or press ? or * to list all spells.
The jackal barks!
You hear a shout!
The jackal closely misses you.
You hit the jackal but do no damage. Your kick misses the jackal.
Your peck misses the jackal.
The jackal is moderately wounded.
The jackal closely misses you.
Your bat hits the jackal.
The jackal bites you but does no damage.
You closely miss the jackal. Your peck misses the jackal.
The jackal is heavily wounded.
Your bat hits the jackal but does no damage.
A ball python comes into view.
The jackal bites you but does no damage.
You barely miss the jackal. You claw the jackal.
The jackal is almost dead.
The jackal bites you.
* * * LOW HITPOINT WARNING * * *
Your bat hits the jackal. The jackal barely misses you.
The jackal closely misses you. The jackal attacks as you move away!
The jackal bites you.
* * * LOW HITPOINT WARNING * * *
Your bat barely misses the jackal.
A goblin comes into view. It is wielding a +0 dagger.
You closely miss the jackal. Your peck misses the jackal.
The jackal is severely wounded.
Your bat closely misses the jackal.
The jackal barely misses you.
You miss the jackal. You claw the jackal.
The jackal is almost dead.
Your bat closely misses the ball python.
The jackal misses you. The jackal bites you.
* * * LOW HITPOINT WARNING * * *
You barely miss the jackal. Your peck misses the jackal.
The jackal is almost dead.
Your bat barely misses the jackal.
The jackal barely misses you. x2
Casting: Summon Small Mammal (safe; 3% risk of failure)
Confirm with . or Enter, or press ? or * to list all spells.
The jackal closely misses you. x2
A quokka comes into view.
Your bat barely misses the jackal.
The jackal bites you.
You die...

################
#............... #
#.#######...#### #.
#####.# #...#
####.##.....#######...##
.......................#
####.#[.######.........##
#>...### #....†.....##
####rh@# #............
###h# #.......#....
#.....bSr# #####...#.###
#.........# #...#.# #
#.........g# #...#.# #
##########.# #..##.# # ..
....#.# # .r # ...


You could see a quokka (distracted), 2 jackals, a goblin, a ball python, a rat,
a friendly quokka (summoned) and a friendly bat (summoned).

Vanquished Creatures
  A giant cockroach (D:1)
  A goblin (D:1)
2 creatures vanquished.

Notes
Turn   | Place    | Note
-------+----------+-------------------------------------------
     0 | D:1      | mopl the Tengu Summoner began the quest for the Orb.
     0 | D:1      | Reached XP level 1. HP: 10/10 MP: 4/4
    75 | D:1      | Slain by a jackal

Illustrated notes

Levels and vault maps discovered:
D:1:      minmay_arrival_wavy_path, layout_basic,
          chequers_serial_rivers_small_3, chequers_garden, kennysheep_crisscross

Action                   || total
-------------------------++-------
Melee: Unarmed           ||    19
       Kick              ||     3
       Peck              ||     2
 Cast: Summon Small Mamm ||     3
Armor: Robe              ||     6
Dodge: Dodged            ||    17

Table legend: (Time is in decaauts)
 A = Elapsed time spent in this place.
 B = Non-inter-level travel time spent in this place.
 C = Inter-level travel time spent in this place.
 D = Time resting spent in this place.
 E = Time spent auto-exploring this place.
 F = Levels seen in this place.
 G = Mean time per level.
                   A        B        C        D        E       F      G
               +--------+--------+--------+--------+--------+-----+--------+
         Total |     75 |     75 |      0 |      0 |     41 |   1 |   75.0 |
       Dungeon |     75 |     75 |      0 |      0 |     41 |   1 |   75.0 |
               +--------+--------+--------+--------+--------+-----+--------+

Top non-repeatable levels by time:
     D:1: 75 daAuts
